Map: Catalyst LE

Players

forushorus

  • Race: Zerg Zerg
  • League: Platinum
  • Spawn Location: 11:00

alphajets - Winner!

  • Race: Terran Terran
  • League: Platinum
  • Spawn Location: 5:00

VOD

Have the link to the VOD?

Description

Time

  • Played on: Dec. 25, 2017, 8:47 p.m.
  • Length: 14:29
Show
View Real Time Build Order
Export as new Build Order

forushorus Zerg 

Build Orders: Pool First 

Get SALT Encoding   

  12  0:05  Drone  
  13  0:14  Drone  
  13  0:17  Overlord  
  14  0:23  Extractor  
  14  0:24  Drone  
  14  0:40  Drone x2  
  16  0:51  Spawning Pool  
  15  0:57  Overlord  
  15  1:06  Drone  
  15  1:11  Drone  
  17  1:38  Metabolic Boost  
  18  1:40  Zergling x4  
  18  1:41  Queen  
  18  1:44  Zergling x2  
  22  2:05  Hatchery  
  21  2:11  Drone  
  21  2:13  Overlord  
  22  2:18  Zergling x2  
  23  2:46  Zergling x4  
  25  3:03  Zergling x8  
  29  3:09  Roach Warren  
  28  3:29  Drone  
  28  3:30  Drone x3  
  28  3:31  Queen  
  36  3:35  Lair  
  36  3:48  Drone x2  
  36  3:50  Baneling Nest  
  36  3:51  Drone x2  
  36  3:53  Drone x2  
  39  4:06  Drone x2  
  41  4:10  Queen  
  43  4:19  Drone  
  44  4:41  Hatchery, Overlord x4  
  43  4:49  Pneumatized Carapace  
  43  5:23  Roach x5  
  43  5:40  Drone  
  43  5:41  Drone x8  
  52  5:47  Extractor  
  51  5:59  Glial Reconstitution  
  51  6:04  Drone x2, Queen  
  55  6:11  Drone  
  55  6:12  Extractor  
  55  6:14  Drone x3  
  55  6:17  Drone  
  59  6:19  Extractor, Drone x3  
  59  6:21  Drone  
  62  6:28  Hatchery  
  61  6:48  Zergling x10  
  61  6:49  Zergling x6  
  69  7:04  Spire, Drone  
  69  7:06  Drone x3  
  72  7:20  Queen  
  74  7:27  Drone x2  
  76  7:30  Roach x2, Hatchery  
  76  7:31  Roach, Evolution Chamber  
  76  7:32  Roach  
  76  7:33  Evolution Chamber  
  76  7:34  Overlord x6  
  76  7:35  Overlord  
  81  7:41  Drone  
  81  7:42  Hydralisk Den  
  81  7:59  Drone x7  
  88  8:08  Zerg Ground Armor Level 1  
  88  8:09  Zerg Missile Weapons Level 1  
  88  8:16  Evolution Chamber  
  87  8:20  Infestation Pit  
  87  8:22  Hydralisk x3, Muscular Augments  
  87  8:23  Hydralisk  
  94  8:27  Overlord  
  95  8:48  Drone x3  
  95  8:49  Drone x4  
  95  8:50  Drone  
  95  8:52  Hydralisk x5  
  95  8:54  Hydralisk  
  114  8:58  Overlord  
  114  9:03  Zerg Melee Weapons Level 1  
  107  9:36  Zergling x6  
  107  9:37  Zergling x16  
  107  9:38  Zergling x8  
  106  9:59  Spore Crawler  
  105  10:01  Spore Crawler  
  105  10:03  Hydralisk x2  
  105  10:04  Hydralisk x8  
  105  10:05  Hydralisk  
  125  10:08  Queen  
  125  10:10  Drone  
  125  10:11  Drone x2  
  130  10:16  Drone x3  
  133  10:33  Queen  
  135  10:37  Overlord x3  
  135  10:38  Overlord x5  
  135  10:44  Queen  
  137  11:20  Mutalisk x2  
  137  11:21  Mutalisk x6  
  137  11:23  Zergling x6  
  137  11:24  Zergling x6  
  159  11:50  Mutalisk x3  
  165  11:57  Overlord x4  
  160  12:13  Hydralisk x5  
  92  12:36  Zergling x2  
  92  12:37  Zergling x14  
  87  12:38  Zergling x8  
  90  13:00  Zergling x10  
  90  13:01  Zergling x6  
  80  13:11  Roach x6  
  78  13:21  Hydralisk x6  
  78  13:22  Hydralisk  
  72  13:34  Hydralisk x3  
  72  13:38  Zergling x16  
  72  13:40  Baneling x3  
Show
View Real Time Build Order
Export as new Build Order

alphajets Terran - Winner!

Build Orders: Reaper Expand, MMM Bio 

Get SALT Encoding   

  12  0:01  SCV  
  13  0:13  SCV  
  14  0:18  Supply Depot  
  14  0:25  SCV  
  15  0:40  Refinery  
  15  0:41  Barracks  
  15  0:45  SCV  
  16  1:03  SCV  
  17  1:15  SCV  
  18  1:29  Reaper  
  19  1:33  Orbital Command  
  19  1:43  Refinery  
  19  1:52  Command Center  
  19  2:02  SCV  
  20  2:13  Barracks Reactor  
  20  2:16  Supply Depot  
  20  2:23  SCV  
  21  2:31  Barracks  
  21  2:35  SCV  
  22  2:47  SCV  
  23  2:51  Factory  
  23  2:57  Marine x2  
  24  3:04  SCV  
  24  3:15  Marine x2  
  24  3:16  SCV  
  26  3:27  Marine  
  26  3:33  Marine x2  
  29  3:34  Factory Tech Lab  
  29  3:44  SCV  
  29  3:45  Marine  
  31  3:53  Command Center  
  31  4:08  Supply Depot  
  31  4:16  Marine x2, SCV  
  34  4:18  Barracks Tech Lab  
  34  4:25  Siege Tank  
  34  4:28  SCV  
  38  4:38  Marine x2  
  38  4:40  SCV  
  38  4:44  Stimpack  
  41  4:54  Supply Depot  
  41  5:00  Marine  
  41  5:01  Marine x2  
  43  5:33  Marine x2  
  43  5:34  Marine  
  38  5:48  Bunker  
  38  5:51  Marine x3  
  41  5:59  Siege Tank  
  44  6:06  Orbital Command  
  44  6:09  Marine x3  
  47  6:18  Supply Depot  
  47  6:27  Marine x2  
  47  6:29  Starport  
  49  6:42  Supply Depot  
  49  6:47  SCV x2  
  51  6:52  Supply Depot  
  51  6:56  Marine x2  
  51  6:57  Marine  
  51  6:59  SCV x2  
  51  7:00  Siege Tank  
  59  7:09  Supply Depot  
  59  7:11  SCV x2  
  59  7:14  Marine  
  62  7:19  Starport Reactor  
  62  7:23  SCV x2  
  62  7:25  Marine x2  
  66  7:31  Supply Depot  
  66  7:32  Marine, Siege Tank  
  66  7:35  SCV x2  
  72  7:43  Marine x2  
  74  7:47  SCV  
  74  7:50  Marine  
  76  7:51  Barracks  
  76  7:54  SCV, Barracks  
  77  7:59  SCV  
  77  8:01  Marine x2  
  77  8:05  Medivac  
  82  8:06  Medivac  
  82  8:07  Marine  
  85  8:14  Refinery  
  85  8:16  Refinery  
  85  8:18  Marine  
  85  8:19  Marine  
  87  8:25  Marine  
  88  8:31  Engineering Bay  
  88  8:33  Engineering Bay, SCV x2  
  90  8:45  SCV x2  
  92  8:51  Marine  
  92  8:52  Marine x2  
  92  8:54  Barracks Reactor  
  92  8:55  Medivac x2, Barracks Reactor  
  95  8:57  SCV  
  95  8:59  Terran Infantry Weapons Level 1  
  95  9:00  Terran Infantry Armor Level 1  
  100  9:03  Combat Shields  
  100  9:09  Marine x3  
  98  9:27  Marine x3  
  93  9:40  Medivac x2  
  93  9:45  Marine x7  
  98  10:00  Command Center  
  98  10:03  Marine x7, Siege Tank  
  107  10:10  Medivac  
  109  10:20  Marine  
  110  10:24  Armory  
  110  10:32  Command Center  
  110  10:39  Supply Depot  
  110  10:41  Supply Depot  
  110  11:00  Marine x3  
  110  11:01  Siege Tank  
  116  11:17  Missile Turret  
  116  11:18  Missile Turret  
  116  11:30  Missile Turret  
  116  11:34  Missile Turret  
  116  11:57  Marine x5  
  116  11:58  Marine x2  
  116  12:00  Orbital Command  
  112  12:15  Marine x6  
  109  12:16  Marine  
  104  12:32  Marine  
  104  12:33  Marine x5  
  104  12:34  Marine  
  110  12:50  Marine  
  110  12:51  Marine x5  
  114  12:52  Marine  
  114  12:53  Medivac x2  
  110  13:08  Marine x3  
  110  13:09  Marine x3  
  110  13:10  Marine  
  113  13:23  Medivac x2  
  113  13:26  Marine x4  
  113  13:27  Marine x2  
  121  13:28  Marine  
  124  13:34  Thor  
  130  13:42  Factory  
  130  13:44  Marine x6, Factory  
  130  13:46  Marine  
  137  13:53  Medivac x2  
  134  14:02  Marine x6  
  137  14:03  Marine  
Tags
 
Add a new tag
Caveats
  • Supply blocks, unpowered buildings, or Contaminate may cause inaccurate times.
  • Supply counts are checked every 10 seconds.